 Dungeon Sprint DCSS version 0.28-a0-863-g8cecda6153 (webtiles) character file.

Game seed: 12538211784096113132

877 kae the Martial Artist (level 7, -25/76 HPs)
             Began as a Grey Draconian Transmuter on Nov 18, 2021.
             Was an Initiate of Ru.
             Annihilated by a sun demon (28 damage)
             ... summoned by a kobold demonologist
             ... in the Dungeon (Sprint I: "Red Sonja").
             The game lasted 00:01:11 (826 turns).

kae the Martial Artist (Grey Draconian Transmuter)   Turns: 826, Time: 00:01:12

Health: -25/76     AC:  8    Str: 12    XL:     7   Next: 75%
Magic:  12/15      EV: 11    Int: 15    God:    Ru [......]
Gold:   405        SH:  0    Dex: 12    Spells: 9/17 levels left

rFire   x . .      SeeInvis .     - Unarmed
rCold   + + +      Faith    .   (shield currently unavailable)
rNeg    . . .      Spirit   .   (armour unavailable)
rPois   +          Reflect  .   (helmet currently unavailable)
rElec   .          Harm     .   (cloak currently unavailable)
rCorr   .          Rampage  .   (gloves currently unavailable)
Will    .....      NoTele   +   (boots currently unavailable)
Stlth   +.........              (no amulet)
HPRegen 0.22/turn               (no ring)
MPRegen 0.14/turn               (no ring)

@: ice-form
A: freezing attack, boosted hp, AC +11, amphibious, large, unfitting armour,
(cold-blooded)
a: End Transformation, Renounce Religion


You were in the Dungeon.
You worshipped Ru.
Ru was noncommittal.
You were a creature of crystalline ice.
You visited 1 branch You collected 405 gold pieces.

Inventory:

Wands
 e - a wand of digging (8)
Scrolls
 f - a scroll of blinking
Potions
 a - a potion of curing
 b - a potion of heal wounds
 c - 3 potions of flight
 d - 2 potions of magic


   Skills:
 + Level 6.7 Fighting
 + Level 5.7 Dodging
 * Level 9.5 Unarmed Combat
 + Level 5.9 Spellcasting
 * Level 8.9 Transmutations
 + Level 4.8 Ice Magic
 - Level 1.0 Poison Magic


You had 9 spell levels left.
You knew the following spells:

 Your Spells              Type           Power      Damage    Failure   Level
a - Beastly Appendage     Tmut           62%        N/A       1%          1
b - Spider Form           Tmut/Pois      19%        N/A       6%          3
c - Ice Form              Ice/Tmut       25%        N/A       9%          4

Your spell library contained the following spells:

 Spells                   Type           Power      Damage    Failure   Level
 Wereblood                Tmut           31%        N/A       1%          2


Dungeon Overview and Level Annotations

Branches:
Dungeon (1/1)

Altars:
Cheibriados
Dithmenos
Elyvilon
Fedhas
Gozag
Hepliaklqana
Kikubaaqudgha
Makhleb
Nemelex Xobeh
Okawaru
Qazlal
Ru
Sif Muna
Trog
Uskayaw
Vehumet
Wu Jian
Xom
Yredelemnul
Zin
The Shining One
Jiyva
Lugonu

Shops:
D (


Innate Abilities, Weirdness & Mutations

You are a creature of crystalline ice.
You have a powerful freezing melee attack.
Your maximum health is increased.
Your armour is entirely melded.
You are incapable of wielding weapons or throwing items.
((Your dull iron-grey scales are very hard. (AC +11)))
You are amphibious.
You cannot fit into any form of body armour.
((You are cold-blooded and may be slowed by cold attacks.))


Message History

Pain shoots through your body!
You closely miss the kobold demonologist.
The kobold demonologist is heavily wounded.
The kobold demonologist hits you with a +0 dagger.
The shadow imp gestures at you. Pain shoots through your body!
You barely miss the kobold demonologist.
The kobold demonologist is heavily wounded.
The floating eye's stare focuses on you.
The kobold demonologist looks braver for a moment.
The shadow imp hits you but does no damage.
You hit the kobold demonologist. You freeze the kobold demonologist.
The kobold demonologist is heavily wounded.
The floating eye gazes piercingly through you!
You suddenly lose the ability to move!
The kobold demonologist casts a spell.
The shadow imp hits you but does no damage.
The floating eye's view fixates on you.
The kobold demonologist hits you but does no damage.
The shadow imp hits you.
The kobold demonologist hits you but does no damage.
The shadow imp hits you. The sun demon barely misses you.
The floating eye gazes piercingly through you!
You shrug off the repeated paralysis!
The kobold demonologist hits you with a +0 dagger.
The shadow imp hits you but does no damage.
You can move again.
You barely miss the kobold demonologist.
The kobold demonologist is heavily wounded.
The sun demon hits you.
You are engulfed in flames!!
The fire burns you terribly!
The kobold demonologist hits you with a +0 dagger.
* * * LOW HITPOINT WARNING * * *
You barely miss the kobold demonologist.
The kobold demonologist is heavily wounded.
The sun demon hits you!!
* * * LOW HITPOINT WARNING * * *
You are engulfed in flames!!
The fire burns you terribly!
You die...

##########################
#<.#..').#..'..#G_#..'.K.#
#..').#..').#..YK.'..#
#..#####'#####5#3_####
#..####..#...#)####
#..#__####..##[#
#..#_____##'#_.+
#⌠⌠#_.∩...'..._#
####_..__##_.#'#
#_____###+#.# ####### ###


You could see a sun demon (summoned), a kobold demonologist, a floating eye and
a shadow imp (summoned).

Vanquished Creatures
  A kobold demonologist (D)
  A slime creature (D)
  A yak (D)
  Sigmund (D)
  An ogre (D)
  A jelly (D)
  Ijyb (D)
7 creatures vanquished.

Notes
Turn   | Place    | Note
-------+----------+-------------------------------------------
     0 | D        | kae the Draconian Transmuter began the quest for the Orb.
     0 | D        | Reached XP level 1. HP: 16/16 MP: 3/3
     3 | D        | Noticed Ijyb
    21 | D        | Killed Ijyb
    22 | D        | Reached skill level 4 in Unarmed Combat
    22 | D        | Reached XP level 2. HP: 15/25 MP: 3/5
   160 | D        | Noticed an ogre
   165 | D        | Killed an ogre
   166 | D        | Reached skill level 5 in Unarmed Combat
   166 | D        | Reached skill level 5 in Transmutations
   166 | D        | Reached XP level 3. HP: 33/33 MP: 5/8
   166 | D        | Reached XP level 4. HP: 40/40 MP: 5/9
   193 | D        | Learned a level 3 spell: Spider Form
   198 | D        | Learned a level 4 spell: Ice Form
   199 | D        | Noticed Sigmund
   205 | D        | Killed Sigmund
   206 | D        | Reached skill level 7 in Unarmed Combat
   206 | D        | Reached skill level 1 in Poison Magic
   206 | D        | Reached XP level 5. HP: 33/47 MP: 6/11
   318 | D        | Found a burning altar of Makhleb.
   318 | D        | Found a viscous altar of Jiyva.
   318 | D        | Found a shimmering altar of Xom.
   318 | D        | Found a corrupted altar of Lugonu.
   318 | D        | Noticed a slime creature
   320 | D        | Found an ornate altar of the Wu Jian Council.
   320 | D        | Found a shimmering blue altar of Sif Muna.
   324 | D        | Found a radiant altar of Vehumet.
   333 | D        | Reached skill level 5 in Fighting
   333 | D        | Reached XP level 6. HP: 26/56 MP: 9/12
   534 | D        | Found Naffox's Antique Weapon Emporium.
   534 | D        | Found an ancient bone altar of Kikubaaqudgha.
   534 | D        | Found a hazy altar of Hepliaklqana.
   534 | D        | Found a stormy altar of Qazlal.
   534 | D        | Found a hide-covered altar of Uskayaw.
   534 | D        | Found a blossoming altar of Fedhas.
   534 | D        | Found a bloodstained altar of Trog.
   534 | D        | Found an iron altar of Okawaru.
   534 | D        | Found a basalt altar of Yredelemnul.
   534 | D        | Found a glowing golden altar of the Shining One.
   534 | D        | Found a snail-covered altar of Cheibriados.
   534 | D        | Found a sacrificial altar of Ru.
   534 | D        | Found a glowing silver altar of Zin.
   534 | D        | Found a shadowy altar of Dithmenos.
   534 | D        | Found a white marble altar of Elyvilon.
   534 | D        | Noticed a yak
   535 | D        | Found an opulent altar of Gozag.
   544 | D        | Killed a yak
   545 | D        | Reached skill level 8 in Unarmed Combat
   545 | D        | Reached skill level 5 in Spellcasting
   545 | D        | Found a sparkling altar of Nemelex Xobeh.
   566 | D        | Became a worshipper of Ru the Awakened
   643 | D        | Killed a slime creature
   644 | D        | Reached skill level 5 in Dodging
   644 | D        | Your scales start taking on a dull iron-grey colour.
   644 | D        | Reached XP level 7. HP: 63/63 MP: 9/15
   714 | D        | Noticed a kobold demonologist
   716 | D        | Noticed a kobold demonologist
   717 | D        | Noticed an orange demon
   732 | D        | Killed a kobold demonologist
   733 | D        | Reached skill level 9 in Unarmed Combat
   814 | D        | Paralysed by a floating eye for 2 turns
   821 | D        | Paralysed by a floating eye for 3 turns
   822 | D        | Noticed a sun demon
   826 | D        | HP: 3/76 [sun demon[a kobold demonologist] (19)]
   826 | D        | Annihilated by a sun demon

Illustrated notes

Levels and vault maps discovered:
D:        dungeon_sprint_1 [red_sonja_temple_1, red_sonja_temple_small_1]

Skill      XL: |  1  2  3  4  5  6  7 |
---------------+----------------------+-----
Fighting       | 2 3 4 5 6 |  6.7
Dodging        | 2 3 4 5 |  5.7
Unarmed Combat | 4 5 7 8 9 |  9.5
Transmutations | 3 5 6 8 |  8.9
Spellcasting   | 3 4 5 |  5.9
Ice Magic      | 2 4 |  4.8
Poison Magic   | 1 |  1.0

Action                   |  1- 3 |  4- 6 |  7- 9 || total
-------------------------+-------+-------+-------++-------
Melee: Unarmed           |    20 |    24 |    14 ||    58
       Headbutt          |     5 |       |       ||     5
       Kick              |     3 |       |       ||     3
       Tailslap          |     2 |       |       ||     2
 Cast: Beastly Appendage |     2 |       |       ||     2
       Spider Form       |       |     3 |       ||     3
       Ice Form          |       |     2 |     3 ||     5
  Use: Potion            |     2 |       |       ||     2
       Scroll            |       |     1 |       ||     1
Armor: Skin              |     1 |     2 |     9 ||    12
Dodge: Dodged            |     6 |    14 |     6 ||    26

Table legend: (Time is in decaauts)
 A = Elapsed time spent in this place.
 B = Non-inter-level travel time spent in this place.
 C = Inter-level travel time spent in this place.
 D = Time resting spent in this place.
 E = Time spent auto-exploring this place.
 F = Levels seen in this place.
 G = Mean time per level.
                   A        B        C        D        E       F      G
               +--------+--------+--------+--------+--------+-----+--------+
         Total |    809 |    809 |      0 |    613 |      0 |   1 |  809.0 |
       Dungeon |    809 |    809 |      0 |    613 |      0 |   1 |  809.0 |
               +--------+--------+--------+--------+--------+-----+--------+

Top non-repeatable levels by time:
       D: 809 daAuts
